 Dungeon Crawl Stone Soup version 0.19.1-1-g22dce08 (webtiles) character file.

1440 theAP the Basher (level 8, -1/53 HPs)
             Began as a Gargoyle Fighter on Jan 5, 2017.
             Killed from afar by an orc wizard (10 damage)
             ... with a puff of frost
             ... on level 6 of the Dungeon.
             The game lasted 00:16:14 (4869 turns).

theAP the Basher (Gargoyle Fighter)                 Turns: 4869, Time: 00:16:14

Health: -1/53      AC: 13    Str: 23    XL:     8   Next: 74%
Magic:  0/8        EV:  5    Int:  8    God:
Gold:   244        SH:  9    Dex: 11    Spells: 0 memorised, 7 levels left

rFire  . . .     SeeInvis +     a - +0 flail
rCold  . . .     Gourm    .     e - +0 chain mail
rNeg   + . .     Faith    .     c - +0 shield
rPois  ∞         Spirit   +     (no helmet)
rElec  +         Reflect  .     (no cloak)
rCorr  .         Harm     .     (no gloves)
MR     .....                    A - +0 pair of boots
Stlth  ..........               t - amulet of guardian spirit
                                B - +2 ring of protection
                                y - +2 ring of dexterity

@: no status effects
A: see invisible, deformed body, negative energy resistance 1, electricity
resistance, wild magic 1, unbreathing, petrification resistance, no device heal
1, rot immunity, AC +5
a: no special abilities


You were on level 6 of the Dungeon.
You were hungry.

You visited 2 branches of the dungeon, and saw 7 of its levels.

You collected 244 gold pieces.

Inventory:

Hand Weapons
 a - a +0 flail (weapon)
Armour
 c - a +0 shield (worn)
 e - a +0 chain mail (worn)
 A - a +0 pair of boots (worn)
Jewellery
 b - an uncursed ring of resist corrosion
 g - an uncursed amulet of harm
 t - an amulet of guardian spirit (around neck)
 y - a +2 ring of dexterity (left hand)
 B - a +2 ring of protection (right hand)
 D - an uncursed amulet of inaccuracy
Wands
 i - a wand of flame (22/48)
 z - a wand of random effects (15/48)
Scrolls
 d - a scroll of recharging {unknown}
 k - 2 scrolls of fear
 n - a scroll of immolation
Potions
 l - a potion of cancellation
 m - a potion of degeneration
 o - a potion of resistance
 p - 2 potions of flight
 v - 2 potions of agility
 w - 2 potions of heal wounds {unknown}
Comestibles
 f - 2 bread rations
 h - 6 meat rations
 j - 2 fruits
 s - 3 beef jerkies


   Skills:
 + Level 7.3 Fighting
 * Level 8.8 Maces & Flails
 - Level 3.4 Armour
 - Level 3.5 Shields


You had 7 spell levels left.
You didn't know any spells.

Dungeon Overview and Level Annotations

Branches:
Dungeon (6/15)             Temple (1/1) D:5

Altars:
Cheibriados
Fedhas
Gozag
Makhleb
Nemelex Xobeh
Sif Muna
Trog
Vehumet
Xom
Zin


Innate Abilities, Weirdness & Mutations

You are resistant to torment.
Your stone body is resilient. (AC +5)
You are immune to poison.
You resist negative energy. (rN+)
You are resistant to electric shocks. (rElec)
You can survive without breathing.
You are immune to petrification.
You are immune to rotting.
You have supernaturally acute eyesight. (SInv)
Armour fits poorly on your strangely shaped body.
Your spells are a little harder to cast, but a little more powerful.
Potions and wands are less effective at restoring your health.


Message History

You closely miss the orc wizard.
The orc wizard is heavily wounded.
The orc wizard barely misses you.
The orc wizard hits you but does no damage.
You hit the orc wizard.
The orc wizard is severely wounded.
You block the orc wizard's attack.
The orc wizard hits you but does no damage. x3
Your chain mail prevents you from hitting the orc wizard.
The orc wizard is severely wounded.
The orc wizard casts a spell at you. The magic dart hits you!
* * * LOW HITPOINT WARNING * * *
The orc wizard casts a spell at you. You block the puff of frost.
You sock the orc wizard!
You kill the orc wizard!
The orc wizard points at you and mumbles some strange words.
The puff of frost hits you!
You die...

#. .. #. #. #.
.. #. . #. .#
# #.##.##.#
#)oo....#
#.@#.##.#
#.......#
#..#.(#.#
#..##.#.#
#..##.#.#
#.......######
#####.........
##############
#.......#
#............#
#.......#.


You could see an orc wizard and an orc.

Vanquished Creatures
  2 sky beasts
  An ice beast (D:6)
  A phantom (D:5)
  A centaur (D:5)
  An ogre (D:4)
  A bullfrog (D:6)
  A scorpion (D:5)
  A crimson imp (D:5)
  A bullfrog zombie (D:6)
  3 jellies (D:5)
  A quasit (D:6)
  An orc priest (D:6)
  A hound (D:5)
  An orc wizard (D:6)
  A gnoll shaman (D:6)
  4 iguanas
  5 worker ants
  A hound skeleton (D:4)
  9 gnolls
  5 adders
  An ooze (D:4)
  An adder skeleton (D:6)
  3 worms
  3 dart slugs
  4 leopard geckos
  9 orcs
  A ball python (D:1)
  5 giant cockroaches
  11 goblins
  9 hobgoblins
  9 jackals (D:5)
  A quokka (D:6)
  7 bats
  4 frilled lizards
  13 kobolds
  4 rats
127 creatures vanquished.

Notes
Turn   | Place    | Note
-------+----------+-------------------------------------------
     0 | D:1      | theAP the Gargoyle Fighter began the quest for the Orb.
     0 | D:1      | Reached XP level 1. HP: 14/14 MP: 1/1
   209 | D:1      | Reached XP level 2. HP: 19/19 MP: 2/2
   703 | D:1      | Reached XP level 3. HP: 17/23 MP: 3/3
  1081 | D:2      | Reached skill level 3 in Maces & Flails
  1504 | D:2      | Reached XP level 4. HP: 27/29 MP: 4/4
  2670 | D:4      | Reached skill level 4 in Maces & Flails
  2670 | D:4      | Reached XP level 5. HP: 20/34 MP: 2/5
  2801 | D:4      | Noticed an ogre
  2811 | D:4      | Killed an ogre
  2811 | D:4      | Reached XP level 6. HP: 12/40 MP: 2/6
  2825 | D:4      | Reached skill level 5 in Maces & Flails
  3171 | D:4      | Reached skill level 5 in Fighting
  3380 | D:5      | Entered Level 5 of the Dungeon
  3465 | D:5      | Found an opulent altar of Gozag.
  3684 | D:5      | Reached skill level 6 in Maces & Flails
  3684 | D:5      | Reached XP level 7. HP: 38/44 MP: 4/7
  3686 | D:5      | Found a staircase to the Ecumenical Temple.
  3733 | Temple   | Entered the Ecumenical Temple
  3861 | D:5      | Gained mutation: You have supernaturally acute eyesight. (SInv) [mutagenic meat]
  3954 | D:5      | Reached skill level 7 in Maces & Flails
  4004 | D:5      | Reached XP level 8. HP: 20/52 MP: 5/8
  4526 | D:6      | Reached skill level 8 in Maces & Flails
  4543 | D:6      | Gained mutation: You are resistant to hostile enchantments. (MR+) [mutagenic meat]
  4544 | D:6      | Lost mutation: You are resistant to hostile enchantments. (MR+) [mutagenic meat]
  4545 | D:6      | Gained mutation: Armour fits poorly on your strangely shaped body. [mutagenic meat]
  4546 | D:6      | Gained mutation: Potions and wands are less effective at restoring your health. [mutagenic meat]
  4547 | D:6      | Gained mutation: Your spells are a little harder to cast, but a little more powerful. [mutagenic meat]
  4869 | D:6      | Killed from afar by an orc wizard

Skill      XL: |  1  2  3  4  5  6  7  8 |
---------------+-------------------------+-----
Maces & Flails | 3 4 6 7 8 |  8.8
Fighting       | 4 5 6 7 |  7.3
Armour         | |  3.4
Shields        | |  3.5

Action                   |  1- 3 |  4- 6 |  7- 9 || total
-------------------------+-------+-------+-------++-------
Melee: Flail             |   195 |   265 |   229 ||   689
  Use: Scroll            |       |    10 |     4 ||    14
       Potion            |       |       |     2 ||     2
  Eat: Chunk             |     2 |     6 |     9 ||    17
       Fruit             |       |     1 |       ||     1
       Beef jerky        |       |     1 |       ||     1
Armor: Chain mail        |   160 |   103 |   119 ||   382
       Scale mail        |     1 |    90 |    64 ||   155
Dodge: Dodged            |    51 |    77 |    74 ||   202
Block: Shield            |   112 |   160 |   141 ||   413
